 Dungeon Crawl Stone Soup version 0.18-a0-1225-g5d63bca (webtiles) character file.

452 abixa the Cleaver (level 7, 0/59 HPs)
             Began as a Hill Orc Gladiator on Feb 3, 2016.
             Slain by Duvessa
             ... wielding a +0 short sword
              (13 damage)
             ... on level 4 of the Dungeon.
             The game lasted 00:11:48 (3990 turns).

abixa the Cleaver (Hill Orc Gladiator)              Turns: 3990, Time: 00:11:48

Health: 0/59       AC: 11    Str: 21    XL:     7   Next: 5%
Magic:  9/9        EV:  7    Int:  8    God:
Gold:   176        SH:  3    Dex: 13    Spells: 0 memorised, 6 levels left

rFire  . . .     SeeInvis .     a - +0 war axe
rCold  . . .     Gourm    .     v - +0 chain mail
rNeg   . . .     Faith    .     n - +0 buckler
rPois  .         Spirit   .     q - +2 helmet "Xeuqu" {Str+3}
rElec  .         Dismiss  .     (no cloak)
rCorr  .         Reflect  .     (no gloves)
SustAt .         Harm     .     (no boots)
MR     .....                    i - amulet of magic regeneration
Stlth  ..........               (no ring)
                                (no ring)

@: not resistant to hostile enchantments, extremely unstealthy
A: no striking features
a: no special abilities


You were on level 4 of the Dungeon.
You were hungry.

You visited 1 branch of the dungeon, and saw 4 of its levels.

You collected 176 gold pieces.

Inventory:

Hand Weapons
 a - a +0 war axe (weapon)
 E - a +2 mace of venom
Missiles
 e - 100 stones (quivered)
 g - 51 bolts
 j - 39 poisoned needles
 m - 15 arrows
 s - 20 sling bullets
 D - 4 tomahawks
Armour
 n - a +0 buckler (worn)
 p - a +0 scale mail
 q - the +2 helmet "Xeuqu" (worn) {Str+3}
   (You took it off Robin on level 3 of the Dungeon)

   It affects your strength (+3).
 v - a +0 chain mail (worn)
Jewellery
 i - an amulet of magic regeneration (around neck)
Wands
 u - a wand of polymorph (0/24)
 C - a wand of iceblast (6/15)
Scrolls
 h - 2 scrolls of amnesia {unknown}
 k - 3 scrolls of identify {unknown}
 o - 2 scrolls of fear {unknown}
 r - 2 scrolls of teleportation {unknown}
 y - 2 scrolls of enchant weapon {unknown}
 A - a scroll of remove curse {unknown}
Potions
 b - 2 potions of might {unknown}
 c - a potion of resistance {unknown}
 d - a potion of curing {unknown}
 l - a potion of heal wounds {unknown}
 w - a potion of magic {unknown}
 x - 2 potions of brilliance {unknown}
 B - a potion of lignification {unknown}
Comestibles
 f - 2 bread rations
 t - a royal jelly
 z - a meat ration


   Skills:
 + Level 4.3 Fighting
 + Level 8.4 Axes
 - Level 1.7 Throwing
 - Level 2.4 Dodging
 + Level 2.8 Evocations


You had 6 spell levels left.
You didn't know any spells.

Dungeon Overview and Level Annotations

Branches:
Dungeon (4/15)
 Temple: D:4-7

Altars:
Makhleb
Pakellas
Qazlal
Ru
Vehumet
Yredelemnul

Shops:
D:3 }

Annotations:
D:4 Duvessa


Message History

Duvessa is moderately wounded.
Duvessa hits you with a short sword. Duvessa hits you with a short sword!
* * * LOW HITPOINT WARNING * * *
Evoke which item? (* to show all) (? for menu, Esc to quit)
Okay, then.
Evoke which item? (* to show all) (? for menu, Esc to quit)
Zapping:
C - a wand of iceblast (will waste charges)
Press: ? - help, Shift-Dir - straight line, f/p - Duvessa
Aim: Duvessa, wielding a short sword (moderately wounded, berserk, fast, unusually strong) That beam is likely to hit you.
Continue anyway?
Okay, then.
Evoke which item? (* to show all) (? for menu, Esc to quit)
Zapping:
C - a wand of iceblast (will waste charges)
Press: ? - help, Shift-Dir - straight line, p - Duvessa The mass of ice explodes!
The iceblast engulfs Duvessa.
Duvessa is heavily wounded.
Evoking this partially-identified wand wasted a few charges.
You hear a shout!
Duvessa hits you with a short sword!
You die...

....#.....#.........#
....#.....#.........+
+##.#.....######....#
.##.###+#......#....#
........#......#....# ########
........#......'....######.......
..)†....#......#######...#.......
.########............#...#.......
.####...#######e@....#...'.......
.........'....#......#...#.......
.........#....#......#...#.......
.........#....#......#...#.....[.
'####'#########......#'###.......
.................................
.................................
.................................
.................................


You could see Duvessa (berserk).

Vanquished Creatures
  Blork the orc (D:4)
  Dowan (D:4)
  An orc wizard (D:4)
  2 hounds
  2 orc priests (D:4)
  A worker ant (D:4)
  A hound skeleton (D:4)
  Robin (D:3)
  3 adders
  An adder skeleton (D:4)
  11 orcs
  5 bats
  5 giant cockroaches
  14 goblins
  9 hobgoblins
  18 jackals
  A quokka (D:3)
  4 ball pythons
  2 giant newts (D:2)
  13 kobolds
  6 rats
102 creatures vanquished.

Notes
Turn   | Place    | Note
--------------------------------------------------------------
     0 | D:1      | abixa the Hill Orc Gladiator began the quest for the Orb.
     0 | D:1      | Reached XP level 1. HP: 18/18 MP: 1/1
   247 | D:1      | Reached XP level 2. HP: 16/25 MP: 2/2
   843 | D:2      | Reached skill level 5 in Axes
  1002 | D:2      | Found a basalt altar of Yredelemnul.
  1036 | D:2      | Reached XP level 3. HP: 22/30 MP: 3/3
  1211 | D:2      | Found a burning altar of Makhleb.
  1231 | D:2      | Reached skill level 6 in Axes
  1231 | D:2      | Reached XP level 4. HP: 22/37 MP: 4/4
  1700 | D:3      | Found a sacrificial altar of Ru.
  1706 | D:3      | Reached skill level 7 in Axes
  1714 | D:3      | Noticed Robin
  1733 | D:3      | Killed Robin
  1736 | D:3      | Reached XP level 5. HP: 38/42 MP: 5/5
  1748 | D:3      | Got an encrusted helmet
  1781 | D:3      | Identified the +2 helmet "Xeuqu" {Str+3} (You took it off Robin on level 3 of the Dungeon)
  1986 | D:3      | Found an oddly glowing altar of Pakellas.
  1986 | D:3      | Found Pakellas's Prime Provisions.
  2398 | D:4      | Found a stormy altar of Qazlal.
  2412 | D:4      | Noticed an orc warrior
  2453 | D:4      | Reached skill level 1 in Evocations
  2987 | D:4      | Found a radiant altar of Vehumet.
  3061 | D:4      | Noticed Dowan
  3062 | D:4      | Noticed Duvessa
  3123 | D:4      | Killed Dowan
  3123 | D:4      | Reached skill level 8 in Axes
  3123 | D:4      | Reached XP level 6. HP: 45/51 MP: 7/7
  3244 | D:4      | Noticed Blork the orc
  3261 | D:4      | Killed Blork the orc
  3726 | D:4      | Reached XP level 7. HP: 54/59 MP: 9/9
  3990 | D:4      | Slain by Duvessa

Vault maps used:
D:1:      grunt_arrival_crossed_arrows, supply_closet_lemuel
D:2:      lemuel_crystal_altar, makhleb_blood_cavern_becter,
          minmay_misc_feat_pillars
D:3:      johnstein_pakellas_shop, nicolae_ru_sacrificial_ziggurat, uniq_robin
D:4:      lemuel_round_altar, grunt_qazlal_clouds, uniq_blork_the_orc,
          uniq_duvessa

Action                   |  1- 3 |  4- 6 |  7- 9 || total
-------------------------+-------+-------+-------++-------
Melee: War axe           |   138 |   233 |    30 ||   401
Throw: Stone             |       |     8 |       ||     8
       Throwing net      |       |     4 |     1 ||     5
Evoke: Wand              |       |       |     6 ||     6
 Stab: Held in net/web   |       |     3 |     1 ||     4
  Eat: Chunk             |     1 |     8 |     1 ||    10
